 Dungeon Crawl Stone Soup version 0.30-a0-793-g160f7cfddd (webtiles) character file.

Game seed: 1349025092735112496

147 cheesebisquit the Chopper (level 5, 0/47 HPs)
             Began as a Hill Orc Monk on Feb 19, 2023.
             Slain by Terence
             ... wielding a +2 trident of venom
              (2 damage)
             ... on level 3 of the Dungeon.
             The game lasted 00:10:16 (3339 turns).

cheesebisquit the Chopper (Hill Orc Monk)           Turns: 3339, Time: 00:10:17

Health: 0/47       AC: 11    Str: 16    XL:     5   Next: 29%
Magic:  5/5        EV:  7    Int: 10    God:
Gold:   170        SH:  0    Dex: 13    Spells: 4/4 levels left

rFire   . . .      SeeInvis .    a - +0 hand axe
rCold   + . .      Faith    .    (no shield)
rNeg    . . .      Spirit   .    l - +0 chain mail
rPois   .          Reflect  .    m - +0 helmet
rElec   .          Harm     .    (no cloak)
rCorr   .          Rampage  .    e - +0 pair of gloves
Will    .....                    (no boots) Stlth
                                 (no amulet)
HPRegen 0.27/turn                p - ring of protection from cold
MPRegen 0.09/turn                (no ring)

@: confused, lethally poisoned (0 -> -14), ambrosia-drunk
A: no striking features
a: no special abilities


You were on level 3 of the Dungeon.
You visited 1 branch of the dungeon, and saw 3 of its levels.

You collected 170 gold pieces.

Inventory:

Hand Weapons
 a - a +0 hand axe (weapon)
Missiles
 g - 6 javelins (quivered)
 n - 26 stones
 r - 6 poisoned darts
Armour
 e - a +0 pair of gloves (worn)
 l - a +0 chain mail (worn)
 m - a +0 helmet (worn)
Jewellery
 p - a ring of protection from cold (left hand)
Scrolls
 b - 3 scrolls of vulnerability {unknown}
 h - 4 scrolls of teleportation {unknown}
 i - 5 scrolls of identify {unknown}
 q - a scroll of enchant armour {unknown}
 s - 3 scrolls of brand weapon {unknown}
Potions
 d - a potion of flight {unknown}
 f - 2 potions of cancellation {unknown}
 j - a potion of invisibility {unknown}
 k - a potion of heal wounds {unknown}
 o - 4 potions of berserk rage {unknown}


   Skills:
 + Level 4.6 Fighting
 * Level 6.1 Axes
 + Level 2.3 Armour
 - Level 2.4 Dodging
 - Level 1.5 Stealth


You had 4 spell levels left.
You didn't know any spells.
Your spell library contained the following spells:

 Spells                   Type           Power      Damage    Failure   Level
 Apportation              Tloc           0%         N/A       100%        1
 Necrotise                Necr           0%         1d4       100%        1
 Summon Small Mammal      Summ           0%         N/A       100%        1
 Hailstorm                Conj/Ice       0%         3d3       100%        3
 Portal Projectile        Hex/Tloc       0%         N/A       100%        3
 Tukima's Dance           Hex            0%         N/A       100%        3
 Animate Dead             Necr           0%         N/A       100%        4
 Ice Form                 Ice/Tmut       0%         N/A       100%        4
 Blade Hands              Tmut           0%         N/A       100%        5
 Simulacrum               Ice/Necr       0%         N/A       100%        6
 Haunt                    Necr/Summ      0%         N/A       100%        7
 Infestation              Necr           0%         N/A       100%        8


Dungeon Overview and Level Annotations

Branches:
Dungeon (3/15)

Altars:
Fedhas
Trog

Annotations:
D:2 Sigmund
D:3 Terence


Message History

You feel very sick.
Terence hits you with a +2 trident of venom.
You are more poisoned.
You hit Terence but do no damage.
Terence is heavily wounded.
You feel very sick.
Terence hits you with a +2 trident of venom.
You are more poisoned.
You closely miss Terence.
Terence is heavily wounded.
You feel very sick. Terence hits you but does no damage.
You are lethally poisoned!
You completely miss Terence.
Terence is heavily wounded.
You feel very sick. Terence closely misses you.
You hit Terence but do no damage.
Terence is heavily wounded.
* * * LOW HITPOINT WARNING * * *
You feel very sick. Terence barely misses you.
Okay, then.
You hit Terence but do no damage.
Terence is heavily wounded.
* * * LOW HITPOINT WARNING * * *
You feel very sick. Terence hits you but does no damage.
You are more poisoned.
You barely miss Terence.
Terence is heavily wounded.
* * * LOW HITPOINT WARNING * * *
You feel very sick. Terence hits you but does no damage.
You are confused.
You feel invigorated.
* * * LOW HITPOINT WARNING * * *
You feel very sick.
Terence hits you with a +2 trident of venom.
You die...

# #......##.# #
#......##.# #
#......##.# #
#########.########### #
#.#.........# #
#.##.######.# #
#.##.#.# #.# # #.##.#@#
#.# # #.##.#@####.#
###########.##.#....#.#
............##.#.##.#.#
##############.#.##.#.#
...... #.......#......#
####.# #.##########.#.#
...#.# #.# #.#.# .#.#.#
#.# #.#.# ...#.# #.#
#.#.#


You could see Terence.

Vanquished Creatures
  An orc wizard (D:3)
  Robin (D:1)
  2 adders
  4 worms
  2 dart slugs
  3 orcs (D:3)
  4 endoplasms
  2 giant cockroaches (D:1)
  14 goblins
  9 hobgoblins
  6 kobolds
  6 quokkas
  4 ball pythons (D:2)
  6 bats
  3 frilled lizards
  4 rats (D:1)
71 creatures vanquished.

Vanquished Creatures (others)
  8 plants (D:1)
8 creatures vanquished.

Grand Total: 79 creatures vanquished

Notes
Turn   | Place    | Note
-------+----------+-------------------------------------------
     0 | D:1      | cheesebisquit the Hill Orc Monk began the quest for the
                  | Orb.
     0 | D:1      | Reached XP level 1. HP: 19/19 MP: 1/1
   126 | D:1      | Reached XP level 2. HP: 27/27 MP: 2/2
   421 | D:1      | Reached skill level 1 in Armour
   594 | D:1      | Reached XP level 3. HP: 31/33 MP: 3/3
  1078 | D:2      | Reached skill level 5 in Axes
  1212 | D:2      | Noticed Robin
  1273 | D:1      | Killed Robin
  1274 | D:1      | Reached XP level 4. HP: 24/40 MP: 4/4
  1384 | D:2      | Found a bloodstained altar of Trog.
  1672 | D:2      | Noticed Sigmund
  2496 | D:3      | Found a blossoming altar of Fedhas.
  2574 | D:3      | Reached skill level 6 in Axes
  2574 | D:3      | Reached XP level 5. HP: 18/47 MP: 5/5
  3325 | D:3      | Noticed Terence
  3339 | D:3      | HP: 2/47 [poisoned by Terence]
  3339 | D:3      | Slain by Terence

Illustrated notes

Levels and vault maps discovered:
D:1:      ebering_trefoil_twist, layout_loops_ring, minmay_hedge_maze,
          serial_bayou_lagoon_a
D:2:      layout_loops_corners, basic_altar, minmay_misc_feat_rugged,
          minmay_misc_feat_four_crosses, kennysheep_crisscross,
          grunt_decor_junction, uniq_sigmund, uniq_robin
D:3:      layout_basic, mainiacjoe_overflow_24_doors, uniq_terence

Skill      XL: |  1  2  3  4 |
---------------+-------------+-----
Armour         | 1 2 |  2.3
Fighting       | 4 |  4.6
Axes           | 5 6 |  6.1
Dodging        | |  2.4
Stealth        | |  1.5

Action                     |  1- 3 |  4- 6 || total
---------------------------+-------+-------++-------
  Melee: Hand axe          |   175 |   136 ||   311
    Use: Potion            |       |     1 ||     1
 Armour: Robe              |     9 |       ||     9
         Ring mail         |    13 |       ||    13
         Chain mail        |    33 |    64 ||    97
  Dodge: Dodged            |    68 |    47 ||   115

Table legend: (Time is in decaauts)
 A = Elapsed time spent in this place.
 B = Non-inter-level travel time spent in this place.
 C = Inter-level travel time spent in this place.
 D = Time resting spent in this place.
 E = Time spent auto-exploring this place.
 F = Levels seen in this place.
 G = Mean time per level.
                   A        B        C        D        E       F      G
               +--------+--------+--------+--------+--------+-----+--------+
         Total |   3370 |   3193 |    177 |    310 |   2042 |   3 | 1123.3 |
       Dungeon |   3370 |   3193 |    177 |    310 |   2042 |   3 | 1123.3 |
               +--------+--------+--------+--------+--------+-----+--------+

Top non-repeatable levels by time:
     D:2: 1347 daAuts
     D:1: 1173 daAuts
     D:3: 849 daAuts
